 Dungeon Crawl Stone Soup version 0.27-a0-811-ga052575696 (webtiles) character file.

Game seed: 7372883255206602960

14 EnegeticOcto the Ruffian (level 2, -2/28 HPs)
             Began as a Troll Warper on Mar 29, 2021.
             Killed from afar by Grinder (9 damage)
             ... with a puff of flame
             ... on level 3 of the Dungeon.
             The game lasted 00:02:17 (224 turns).

EnegeticOcto the Ruffian (Troll Warper)              Turns: 224, Time: 00:02:18

Health: -2/28      AC:  4    Str: 18    XL:     2   Next: 27%
Magic:  2/2        EV: 24    Int:  9    God:
Gold:   49         SH:  0    Dex:  9    Spells: 3/3 levels left

rFire    . . .     SeeInvis .     - Unarmed
rCold    . . .     Faith    .   (no shield)
rNeg     . . .     Spirit   .   a - +0 robe
rPois    .         Reflect  .   (helmet restricted)
rElec    .         Harm     .   (no cloak)
rCorr    .         Rampage  .   (gloves unavailable)
Will     .....                  (boots unavailable)
Stlth    +.........             b - amulet of the acrobat
HPRegen  1.09/turn              (no ring)
MPRegen  0.08/turn              (no ring)

@: acrobatic
A: large, unfitting armour, claws 3, regeneration 1, shaggy fur 1, tough skin 1
a: no special abilities


You were on level 3 of the Dungeon.
You visited 1 branch of the dungeon, and saw 3 of its levels.

You collected 49 gold pieces.

Inventory:

Missiles
 d - 5 boomerangs of dispersal (quivered)
Armour
 a - a +0 robe (worn)
Jewellery
 b - an amulet of the acrobat (around neck)
   (You found it on level 1 of the Dungeon)
Scrolls
 c - a scroll of blinking {@r4}
 e - a scroll of torment {unknown}


   Skills:
 + Level 1.9 Fighting
 - Level 0.8 Throwing
 - Level 1.9 Dodging
 * Level 2.7 Unarmed Combat
 - Level 1.2 Spellcasting
 - Level 2.1 Translocations


You had 3 spell levels left.
You didn't know any spells.
Your spell library contained the following spells:

 Spells                   Type           Power      Damage    Failure   Level
 Blink                    Tloc           N/A        N/A       22%         2
 Gell's Gravitas          Tloc           2%         N/A       41%         3
 Lesser Beckoning         Tloc           2%         N/A       41%         3
 Teleport Other           Tloc           4%         N/A       41%         3
 Confusing Touch          Hex            0%         N/A       73%         3
 Petrify                  Tmut/Erth      0%         N/A       98%         4
 Manifold Assault         Tloc           4%         N/A       99%         5
 Metabolic Englaciation   Hex/Ice        0%         N/A       100%        5
 Yara's Violent Unravell  Hex/Tmut       0%         3d3       100%        5


Dungeon Overview and Level Annotations

Branches:
Dungeon (3/15)

Altars:
Zin

Shops:
D:3 *

Annotations:
D:3 Grinder


Innate Abilities, Weirdness & Mutations

You are too large for most types of armour.
You have claws for hands.
Your natural rate of healing is unusually fast.
You are covered in fur. (AC +1)
You have tough skin. (AC +1)


Message History

There is a stone staircase leading down here.
You climb downwards.
Found 5 gold pieces.
There is a stone staircase leading up here.
Found a stone staircase leading down.
An endoplasm comes into view.
Found a hand axe.
Found 27 sling bullets.
You see here 5 gold pieces.
You now have 40 gold pieces (gained 5).
The endoplasm misses you.
You claw the endoplasm!
You kill the endoplasm!
No target in view!
The bat hits something. x2
The bat hits something. x3
The bat hits something. x2
The bat hits the bush but does no damage.
The bat hits something.
The bat hits the bush but does no damage.
The bat hits something.
The bat hits the bush but does no damage.
The bat hits something. x2
There is a stone staircase leading down here.
The bat completely misses the bush.
The bat hits the bush but does no damage. x2
You climb downwards.
There is a stone staircase leading up here.
An adder comes into view.
The adder closely misses you.
You completely miss the adder. The adder bites you but does no damage.
You scratch the adder but do no damage. The adder bites you but does no damage.
The adder bites you.
You are poisoned.
The adder poisons you!
You claw the adder!
The adder is almost dead.
You feel sick. The adder bites you.
You are more poisoned.
The adder poisons you!
You are too injured to fight recklessly!
You are too injured to fight recklessly!
You are too injured to fight recklessly!
You are too injured to fight recklessly!
You are too injured to fight recklessly!
You are too injured to fight recklessly!
You are too injured to fight recklessly!
You miss the adder.
The adder is almost dead.
You feel sick. The adder barely misses you.
You barely miss the adder.
The adder is almost dead.
You feel sick. The adder bites you but does no damage.
You claw the adder!
You kill the adder!
You feel sick.
You have reached level 2!
You feel sick.
You see here an adder corpse.
You feel sick.
You feel sick.
A kobold comes into view. It is wielding a +0 short sword.
You feel sick.
You are no longer poisoned.
The kobold shouts!
You barely miss the kobold. The kobold closely misses you.
You claw the kobold!
You kill the kobold!
Things that are here:
a +0 short sword; a kobold corpse
Found a scroll labelled SEULUCHE JIYCH.
Found a ring mail.
e - a scroll labelled SEULUCHE JIYCH
Found 9 gold pieces.
You now have 49 gold pieces (gained 9).
Found Zin's Purification Station.
Found a glowing silver altar of Zin.
Grinder comes into view.
She is carrying a wand of flame (23).
Grinder shouts!
Grinder blinks!
Grinder moves out of view.
Found 8 gold pieces.
Grinder zaps a wand.
The puff of flame misses you.
You scratch Grinder.
Grinder is lightly wounded.
Grinder hits you but does no damage.
You closely miss Grinder.
Grinder is lightly wounded.
Grinder gestures at you. Pain shoots through your body!
You claw Grinder!
Grinder is moderately wounded.
Grinder hits you.
You writhe in agony.
You claw Grinder!
Grinder is heavily wounded.
Grinder hits you.
You writhe in agony.
* * * LOW HITPOINT WARNING * * *
You closely miss Grinder.
Grinder is heavily wounded.
Grinder blinks!
Grinder zaps a wand.
The puff of flame hits you!
You die...

#. #.####.. #. #.##....
###.# #.##.##. ...#
#.##.##.
######.#######.......
##..............##....
##....5#...............
###...∩.........##.##....
........@.##..#.##.##....
###......§...#.##.##....
#...#_#..##.......###...
.... #⌠##.####...### #...
## ###..# #...# #...
#.......## #..... ...#
#..#....# ...### #.#.#.
.... #.$. . ....5


You could see Grinder.

Vanquished Creatures
  An adder (D:3)
  2 endoplasms
  A frilled lizard (D:1)
  A kobold (D:3)
5 creatures vanquished.

Vanquished Creatures (others)
  A plant (D:2)
1 creature vanquished.

Grand Total: 6 creatures vanquished

Notes
Turn   | Place    | Note
-------+----------+-------------------------------------------
     0 | D:1      | EnegeticOcto the Troll Warper began the quest for the Orb.
     0 | D:1      | Reached XP level 1. HP: 19/19 MP: 1/1
   160 | D:3      | Reached XP level 2. HP: 14/28 MP: 2/2
   203 | D:3      | Found Zin's Purification Station.
   203 | D:3      | Found a glowing silver altar of Zin.
   205 | D:3      | Noticed Grinder
   224 | D:3      | Killed from afar by Grinder

Illustrated notes

Levels and vault maps discovered:
D:1:      dpeg_arrival_three_same_balls, layout_basic
D:2:      layout_basic, serial_forest, infiniplex_forest_clump_curved,
          infiniplex_forest_end_3, infiniplex_forest_zigzag_2,
          infiniplex_forest_lined_2, infiniplex_forest_straight_2,
          infiniplex_forest_clump_medium, infiniplex_forest_lined_2,
          infiniplex_forest_clump_double
D:3:      layout_loops_cross, zin_purify, serial_shops, nicolae_shop_crystal,
          nicolae_ru_sacrificial_ziggurat, uniq_grinder, uniq_natasha,
          uniq_jessica

Action                   || total
-------------------------++-------
Melee: Unarmed           ||    16
Armor: Robe              ||     5
Dodge: Dodged            ||     5

Table legend: (Time is in decaauts)
 A = Elapsed time spent in this place.
 B = Non-inter-level travel time spent in this place.
 C = Inter-level travel time spent in this place.
 D = Time resting spent in this place.
 E = Time spent auto-exploring this place.
 F = Levels seen in this place.
 G = Mean time per level.
                   A        B        C        D        E       F      G
               +--------+--------+--------+--------+--------+-----+--------+
         Total |    222 |    222 |      0 |      0 |      0 |   3 |   74.0 |
       Dungeon |    222 |    222 |      0 |      0 |      0 |   3 |   74.0 |
               +--------+--------+--------+--------+--------+-----+--------+

Top non-repeatable levels by time:
     D:1: 125 daAuts
     D:3: 78 daAuts
     D:2: 18 daAuts
